Unix NetHack Version 5.0.0-0 post-release - last build May  4 2026 22:22:43 (774f63e81ad911689b3a0859ea89b322d5daca8d,branch:main).

Game began 2026-05-06 01:11:19, ended 2026-05-06 03:57:27.

Gadzook, neutral male human Wizard

                                                                          ---
  |                                                                       ..|
  |....{.   ----------                                  -----------  ..{....|
    -.................  -----------        ------------ ..................-
     -.............................---------.............................-
      -(...........^..........Z.....@.....a.[.Z.........................-
      --....................##vZ%.%.M..).)H%G.:.o......................--
       --      }}}}}.............:...).).).......o.........}}}}}      --
                   }.........................!.............}
                   }.........>.............................}
                   }......................%................}
               .......!.........1.M.....).......................
       .....................................(.........................*.
     -.............................---------.....Q.......................-
    -...................-----------        ------------...................-
  |....{... ------------                               ------------ ...{....|
  |..[...                                                             ......|
  -------                                                             -------
Gadzook the Magician      St:17 Dx:13 Co:17 In:18 Wi:16 Ch:8  Neutral
Dlvl:12 $:0  HP:0(65) Pw:9(94) AC:-5 Xp:10/5250 T:14210 

Latest messages:
 The homunculus is killed!
 Patch picks up a faded pall.
 The barrow wight casts a spell!
 The barrow wight looks better.
 The Grey-elf wields a runed broadsword!
 The quantum mechanic turns to flee.
 Patch eats a lizard corpse.
 Are you waiting to get hit?  Use 'm' prefix to force a no-op (to rest).
 Are you waiting to get hit?  Use 'm' prefix to force a no-op (to rest).
 Are you waiting to get hit?  Use 'm' prefix to force a no-op (to rest).
 Are you waiting to get hit?  Use 'm' prefix to force a no-op (to rest).
 The barrow wight picks up an uncursed dagger.
 The Grey-elf swings his runed broadsword.
 The Grey-elf hits!
 The orc zombie misses Patch.
 The ettin mummy hits!
 The ettin mummy hits again!
 The barrow wight throws a spear!
 The spear slips as the barrow wight throws it!
 What do you want to zap? [ck or ?*]
 In what direction?
 The Grey-elf's wooden shield smoulders!
 You kill the Grey-elf!
 The bolt of fire bounces!
 Patch swings her runed broadsword at the orc zombie.
 Patch hits the orc zombie.
 The orc zombie is destroyed!
 The barrow wight throws a dagger!
 The dagger misses the ettin mummy.
 A dagger misses you.
 In what direction?
 The dagger hits the ettin mummy!
 Patch picks up an uncursed dagger.
 The barrow wight casts a spell!
 The barrow wight looks better.
 Patch swings her runed broadsword at the barrow wight.
 Patch hits the barrow wight.
 The barrow wight is destroyed!
 Patch swings her runed broadsword at the giant beetle.
 Patch hits the giant beetle.
 The giant beetle misses Patch.
 In what direction?
 You throw 2 daggers.
 The 1st dagger hits the ettin mummy!
 The 2nd dagger hits the ettin mummy!
 The ettin mummy hits!
 You die...
 Do you want your possessions identified? [ynq] (y)
 Do you want to see your attributes? [ynq] (y)
 Do you want an account of creatures vanquished? [ynaq] (y)

Inventory:
 Amulets  ('"')
  r - a blessed amulet versus poison (being worn)
 Weapons  (')')
  I - 7 +0 daggers (at the ready)
  a - a blessed +1 quarterstaff (weapon in hands)
 Armor    ('[')
  M - an uncursed +0 elven leather helm (being worn)
  J - a blessed +1 pair of iron shoes (being worn)
  b - an uncursed +0 cloak of magic resistance (being worn)
  A - an uncursed +4 dwarvish mithril-coat (being worn)
 Comestibles  ('%')
  p - an uncursed lizard corpse
 Rings    ('=')
  e - an uncursed ring of free action (on left hand)
  d - an uncursed ring of warning (on right hand)
 Wands    ('/')
  k - a wand of fire (0:7)
  c - a wand of fire (0:4)
 Tools    ('(')
  Z - an uncursed bag of holding containing 6 items
  o - an uncursed magic whistle
  w - an uncursed skeleton key
  l - an uncursed towel
 Gems/Stones  ('*')
  x - an uncursed luckstone

Contents of the bag of holding:
  5 +0 daggers
  a cursed +0 mummy wrapping
  2 uncursed food rations
  a cursed scroll of enchant weapon
  an uncursed brass lantern
  a +0 pick-axe

Gadzook the Wizard's attributes:

Background:
 You were a Magician, a level 10 male human Wizard.
 You were neutral, on a mission for Thoth
 who was opposed by Ptah (lawful) and Anhur (chaotic).
 You were right-handed.
 You were in the Dungeons of Doom, on level 12, a very big room.
 You entered the dungeon 14210 turns ago.
 It was nighttime.
 You had 5250 experience points, 4750 more were needed to attain level 11.

Basics:
 You had 0 out of 65 hit points.
 You had 9 out of 94 energy points (spell power).
 Your armor class was -5.
 Your wallet was empty.
 Autopickup was on for '$?!/="+' plus thrown, with exceptions.

Final Characteristics:
 Your strength was 17 (limit:18/100).
 Your dexterity was 13 (limit:18).
 Your constitution was 17 (limit:18).
 Your intelligence was 18 (limit:18).
 Your wisdom was 16 (limit:18).
 Your charisma was 8 (limit:18).

Final Status:
 You weren't hungry.
 You were unencumbered.
 You were wielding a quarterstaff.
 You were skilled in quarterstaff.

Final Attributes:
 You were piously aligned.
 You were magic-protected.
 You were sleep resistant.
 You were poison resistant.
 You were warned.
 You were guarded.
 Your spell casting was impaired by metallic armor.
 You were very fast.
 You had free action.
 You were lucky.
 You had extra luck.
 Bad luck did not time out for you.
 Good luck did not time out for you.
 You are dead.

Miscellaneous:
 You didn't encounter any bones levels.
 Total elapsed playing time was 2 hours, 46 minutes and 8 seconds.

Major events:
 Turn
    1: Gadzook the neutral male human Wizard entered the dungeon
  958: attained the rank of Conjurer (level 3)
 1099: entered the Gnomish Mines
 2491: attained the rank of Thaumaturge (level 6)
 2518: reached Mine Town
 8136: acquired the Mines' End luckstone
10987: Kipawa, the general store proprietor, has been killed
11439: Hebiwerie, the general store proprietor, has been killed
12870: entered Sokoban
13005: Annootok, the general store proprietor, has been killed
13703: Chibougamau, the general store proprietor, has been killed
14000: entered the Bigroom
14192: attained the rank of Magician (level 10)
14210: killed by an ettin mummy

Spells:
 Name                 Level Category     Fail Retention
 force bolt             1   attack        31%   21%-30%
 magic missile          2   attack         0%   21%-30%
 haste self             3   escape        94%   51%-75%
 detect unseen          3   divination    94%   51%-75%
 stone to flesh         3   healing       94%  76%-100%

Skills:
 Fighting Skills
   bare handed combat [Unskilled]
   riding             [Unskilled]
 Weapon Skills
   dagger             [Expert]
   knife              [Unskilled]
   axe                [Unskilled]
   short sword        [Unskilled]
   club               [Unskilled]
   mace               [Unskilled]
   quarterstaff       [Skilled]
   polearms           [Unskilled]
   spear              [Unskilled]
   trident            [Unskilled]
   sling              [Unskilled]
   dart               [Unskilled]
   shuriken           [Unskilled]
 Spellcasting Skills
   attack spells      [Basic]
   healing spells     [Unskilled]
   divination spells  [Unskilled]
   enchantment spells [Basic]
   clerical spells    [Unskilled]
   escape spells      [Unskilled]
   matter spells      [Unskilled]

Voluntary challenges:
 Character rerolling was not enabled.
 You never genocided any monsters.
 You never polymorphed an object.
 You never changed form.
 You used no wishes.
 You did not violate any of the special Sokoban rules.
Achievements:
 You entered a shop.
 You attained the rank of Conjurer.
 You entered the Gnomish Mines.
 You attained the rank of Thaumaturge.
 You entered Minetown.
 You entered a temple.
 You completed the Gnomish Mines.
 You entered Sokoban.
 You entered the Big Room.
 You attained the rank of Magician.

 The Dungeons of Doom: levels 1 to 12
    Level 1:
    Level 2:
       A general store, a fountain.
    Level 3:
       A grave.
       Stairs down to The Gnomish Mines.
    Level 4:
       Some fountains.
    Level 5:
       Many fountains.
    Level 6:
       A general store.
    Level 7:
       A general store.
    Level 8:
       Many fountains.
    Level 9:
       A fountain, a grave.
       Stairs up to Sokoban, level 8.
    Level 10:
       A general store, many fountains.
    Level 11:
       A general store.
    Level 12: <- You were here.
       Many fountains.
       A very big room.
       Final resting place for
          you, killed by an ettin mummy.
 The Gnomish Mines: levels 4 to 12
    Level 4:
    Level 5:
    Level 6:
    Level 7:
       Many shops, a temple and an altar, some fountains.
    Level 8:
    Level 9:
    Level 10:
    Level 11:
    Level 12:
 Sokoban:
    Level 8:
       Unsolved.


Vanquished creatures:
  4 shopkeepers
  a watch captain
  a large mimic
  2 air elementals
  9 small mimics
  a xan
  2 quantum mechanics
  a troll
  a wood golem
  a large dog
  2 tigers
  3 tengu
  2 leocrottas
  5 elf mummies
  a python
  2 wraiths
  a carnivorous ape
 an ettin zombie
  2 Grey-elves
  2 watchmen
  a chameleon
  a giant beetle
  2 quivering blobs
  a cockatrice
  3 wolves
  2 winter wolf cubs
  a gremlin
  a spotted jelly
  2 leprechauns
  4 giant spiders
  a horse
 an ice vortex
  3 black lights
  a vampire bat
  a forest centaur
  3 gnome rulers
 an orc mummy
  a brown pudding
  4 owlbears
  a yeti
  a gold golem
  4 Green-elves
  2 lizards
  2 dingoes
  a dog
  3 housecats
  2 dwarf leaders
  2 ravens
  a gnome mummy
  2 snakes
  2 apes
  a rope golem
  2 Woodland-elves
  a soldier ant
  a quasit
  4 mountain nymphs
  4 rock piercers
  3 ponies
  6 fog clouds
  4 yellow lights
 19 gnome leaders
  6 gnomish wizards
  a gray ooze
  a barrow wight
  a paper golem
  4 giant ants
  2 floating eyes
 25 dwarves
  2 homunculi
  a kobold leader
  2 kobold shamans
  6 hill orcs
  7 rothes
  2 giant bats
  a monkey
  5 orc zombies
  2 wererats
  3 werejackals
  5 iguanas
 14 killer bees
 an acid blob
  2 coyotes
  7 hobbits
  2 large kobolds
  6 hobgoblins
  6 giant rats
  a cave spider
  2 brown molds
  a yellow mold
  2 green molds
  2 red molds
 62 gnomes
  2 garter snakes
  6 geckos
 16 jackals
  a fox
  5 goblins
  5 sewer rats
  2 grid bugs
  3 bats
  3 lichens
  a kobold zombie
 10 newts
384 creatures vanquished.

No species were genocided or became extinct.

Game over:
                       ----------
                      /          \
                     /    REST    \
                    /      IN      \
                   /     PEACE      \
                  /                  \
                  |     Gadzook      |
                  |       0 Au       |
                  |   killed by an   |
                  |   ettin mummy    |
                  |                  |
                  |                  |
                  |       2026       |
                 *|     *  *  *      | *
        _________)/\\_//(\/(/\)/\//\/|_)_______

Goodbye Gadzook the Wizard...

You died in The Dungeons of Doom on dungeon level 12 with 21550 points,
and 0 pieces of gold, after 14210 moves.
You were level 10 with a maximum of 65 hit points when you died.

